 Dungeon Crawl Stone Soup version 0.30.1-9-gdf580d7c3d (webtiles) character file.

Game seed: 2234577233116789195

3039 KittyFluff the Protected (level 9, -4/56 HPs)
             Began as a Gargoyle Berserker on Oct 8, 2023.
             Was a Believer of Trog.
             Slain by Erica
             ... wielding a +4 scimitar of flaming
              (16 damage)
             ... on level 8 of the Dungeon.
             The game lasted 00:30:37 (6958 turns).

KittyFluff the Protected (Gargoyle Berserker)       Turns: 6958, Time: 00:30:37

Health: -4/56      AC: 21    Str: 31    XL:     9   Next: 86%
Magic:  9/9        EV: 12    Int:  8    God:    Trog [**....]
Gold:   395        SH:  0    Dex:  9    Spells: 8/8 levels left

rFire   . . .        a - +2 mace (protect)
rCold   + . .        (no shield)
rNeg    + . .        B - +0 acid dragon scales
rPois   ∞            (no helmet)
rElec   +            (no cloak)
rCorr   +            (no gloves)
SInv    .            (no boots)
Will    .....        E - amulet of regeneration
Stlth   +            L - +6 ring of strength
HPRegen 1.09/turn    z - ring of protection from cold
MPRegen 0.11/turn

%: no passive effects
@: under a protective aura, on berserk cooldown, slowed, very slow
A: sickness immunity, AC +6, negative energy resistance 1, electricity
resistance, torment resistance 1, petrification resistance
a: Renounce Religion, Berserk, Trog's Hand


You were on level 8 of the Dungeon.
You worshipped Trog.
Trog was pleased with you.
You visited 1 branch of the dungeon, and saw 8 of its levels.

You collected 395 gold pieces.

Inventory:

Hand Weapons
 a - a +2 mace of protection (weapon)
 C - a +0 shortbow
 G - a +0 morningstar
Missiles
 h - 17 poisoned darts (quivered)
 D - 2 boomerangs
 F - a curare-tipped dart
Armour
 x - a +0 leather armour
 B - +0 acid dragon scales (worn)
Jewellery
 g - a ring of flight
 z - a ring of protection from cold (right hand)
 E - an amulet of regeneration (around neck)
 L - a +6 ring of strength (left hand)
Wands
 o - a wand of polymorph (2)
 s - a wand of paralysis (7)
 A - a wand of iceblast (10)
 I - a wand of flame (14)
Scrolls
 c - 4 scrolls of poison {unknown}
 f - a scroll of magic mapping {unknown}
 i - 2 scrolls of blinking {unknown}
 k - 3 scrolls of noise {unknown}
 l - a scroll of immolation {unknown}
 n - a scroll of summoning {unknown}
 r - 5 scrolls of identify
 u - 3 scrolls of teleportation {unknown}
 v - a scroll of amnesia {unknown}
 y - a scroll of brand weapon {unknown}
Potions
 d - a potion of haste
 e - 2 potions of mutation {unknown}
 j - 2 potions of flight {unknown}
 m - a potion of ambrosia {unknown}
 p - a potion of lignification {unknown}
 q - a potion of might {unknown}
 t - 5 potions of attraction {unknown}
 w - a potion of magic {unknown}
 H - 2 potions of degeneration {unknown}
 J - a potion of curing {unknown}
 K - 2 potions of resistance {unknown}
 M - a potion of brilliance {unknown}


   Skills:
 + Level 6.8 Fighting
 * Level 8.3 Maces & Flails
 * Level 8.8 Armour
 + Level 4.7 Dodging


You had 8 spell levels left.
You didn't know any spells.
Your spell library was empty.

Dungeon Overview and Level Annotations

Branches:
Dungeon (8/15)             Temple (0/1) D:6
   Lair: D:8-11

Altars:
Ashenzari
Cheibriados
Dithmenos
Elyvilon
Fedhas
Gozag
Makhleb
Okawaru
Sif Muna
Trog
Vehumet
Wu Jian
The Shining One

Shops:
D:5 [

Annotations:
D:8 Erica


Innate Abilities, Weirdness & Mutations

You are immune to sickness and miasma.
Your stone body is resilient. (AC +6)
You are immune to poison.
You resist negative energy. (rN+)
You are resistant to electric shocks. (rElec)
You are resistant to unholy torment.
You are immune to petrification.


Message History

You are confused.
You hit something. Something hits you!
* * * LOW HITPOINT WARNING * * *
Something burns you.
* * * LOW HITPOINT WARNING * * *
You bump into the rock wall.
You hear some strange, mumbled words.
Something tries to affect you, but you resist.
Something hits you but does no damage.
You bump into the rock wall.
Something hits you!
* * * LOW HITPOINT WARNING * * *
Something burns you.
* * * LOW HITPOINT WARNING * * *
You feel much better.
You feel less confused.
You hear some strange, mumbled words.
A bolt of poison appears from out of thin air!
The bolt of poison hits you but does no damage.
You resist.
You hear some strange, mumbled words.
A lance of force appears from out of thin air!
The lance of force hits you.
You are knocked back by the lance of force.
You slam into the rock wall!
* * * LOW HITPOINT WARNING * * *
You hear the faint creaking of a portcullis nearby.
You hear some strange, mumbled words.
You feel as though you will be slow longer.
Something hits you!
* * * LOW HITPOINT WARNING * * *
Something burns you.
* * * LOW HITPOINT WARNING * * *
You hit something.
Your weapon exudes an aura of protection.
You hear some strange, mumbled words.
A bolt of poison appears from out of thin air!
The bolt of poison hits you but does no damage.
You resist.
You closely miss something. Something hits you!
You die...

#.....(.....
#...........
#>..........
#)>.........
##...........
#..†.l.......
#l#'#######..
#{#.# .. h
#@#.# .### .h
#.#.##...#...
#...........
###.#.#..#.
#.#....#
#...##.#
#.#.<# ..
#.#### # #..


You could see a wyvern.

Vanquished Creatures
  Pikel (D:4)
  Maggie (D:6)
  A troll (D:8)
  An acid dragon (D:8)
  A water moccasin (D:7)
  Duvessa (D:7)
  A black bear (D:5)
  A sky beast (D:6)
  An ogre (D:7)
  2 centaurs
  2 wolves (D:8)
  4 lemures (D:3)
  A kobold brigand (D:6)
  3 scorpions
  2 bullfrogs (D:8)
  Dowan (D:7)
  A howler monkey (D:8)
  A gnoll bouda (D:5)
  6 hounds
  2 orc priests (D:7)
  2 iguanas
  Ijyb (D:3)
  3 orc wizards (D:6)
  12 gnolls
  3 adders
  2 shadow imps
  2 ufetubi
  2 worms
  2 dart slugs
  14 orcs
  12 endoplasms
  3 giant cockroaches
  9 hobgoblins
  2 jackals (D:1)
  2 quokkas
  10 ball pythons
  6 bats
  5 frilled lizards
  4 goblins
  9 kobolds
  2 rats (D:3)
141 creatures vanquished.

Notes
Turn   | Place    | Note
-------+----------+-------------------------------------------
     0 | D:1      | KittyFluff the Gargoyle Berserker began the quest for the
                  | Orb.
     0 | D:1      | Reached XP level 1. HP: 14/14 MP: 1/1
   339 | D:1      | Reached XP level 2. HP: 14/19 MP: 2/2
   812 | D:2      | Reached XP level 3. HP: 23/23 MP: 3/3
  1020 | D:2      | Reached ** piety under Trog
  1552 | D:3      | Reached XP level 4. HP: 24/28 MP: 4/4
  1694 | D:3      | Found a faded altar of an unknown god.
  1766 | D:3      | Reached XP level 5. HP: 17/33 MP: 5/5
  1865 | D:3      | Noticed Ijyb
  1875 | D:3      | Killed Ijyb
  1950 | D:3      | Found a radiant altar of Vehumet.
  1950 | D:3      | Found a shadowy altar of Dithmenos.
  1952 | D:3      | Found a shimmering blue altar of Sif Muna.
  1961 | D:3      | Found a white marble altar of Elyvilon.
  1963 | D:3      | Found a broken altar of Ashenzari.
  1964 | D:3      | Found a blossoming altar of Fedhas.
  1969 | D:3      | Found a glowing golden altar of the Shining One.
  1972 | D:3      | Found an opulent altar of Gozag.
  1974 | D:3      | Found a bloodstained altar of Trog.
  2717 | D:4      | Noticed a lemure
  2717 | D:4      | Noticed a lemure
  2717 | D:4      | Noticed a lemure
  2720 | D:4      | Noticed a lemure
  2734 | D:3      | Killed a lemure
  2765 | D:3      | Killed a lemure
  2772 | D:3      | Killed a lemure
  2899 | D:4      | Noticed Pikel
  2916 | D:3      | Killed a lemure
  2969 | D:4      | Killed Pikel
  2970 | D:4      | Reached skill level 5 in Maces & Flails
  2970 | D:4      | Reached skill level 5 in Armour
  2970 | D:4      | Reached XP level 6. HP: 17/40 MP: 6/6
  2970 | D:4      | Reached XP level 7. HP: 19/44 MP: 7/7
  3561 | D:5      | Entered Level 5 of the Dungeon
  3831 | D:5      | Reached skill level 5 in Fighting
  3873 | D:5      | Found Learro's Armour Boutique.
  3968 | D:5      | Found an ornate altar of the Wu Jian Council.
  3975 | D:5      | Found a snail-covered altar of Cheibriados.
  4428 | D:5      | Reached XP level 8. HP: 24/49 MP: 8/8
  4875 | D:5      | Found an iron altar of Okawaru.
  4877 | D:5      | Found a burning altar of Makhleb.
  4987 | D:6      | Noticed Maggie
  5015 | D:6      | Killed Maggie
  5947 | D:6      | Reached XP level 9. HP: 37/55 MP: 9/9
  6050 | D:6      | Found a staircase to the Ecumenical Temple.
  6322 | D:7      | Noticed Duvessa
  6322 | D:7      | Noticed Dowan
  6336 | D:7      | Killed Duvessa
  6351 | D:7      | Killed Dowan
  6887 | D:8      | Noticed a troll
  6926 | D:8      | Killed a troll
  6931 | D:8      | Noticed Erica
  6958 | D:8      | Slain by Erica

Illustrated notes

Levels and vault maps discovered:
D:1:      wheals_arrival_linesprint, layout_basic, minmay_misc_feat_tower
D:2:      layout_loops_corners
D:3:      minmay_angry_zag, layout_loops_corners,
          nicolae_overflow_hallway_of_the_gods,
          hellmonk_ecumenical_altar_lost_god, minmay_distorted, uniq_ijyb
D:4:      layout_rooms, uniq_pikel
D:5:      mumra_celtic_spiral_tile, layout_basic,
          nicolae_overflow_hidden_temple, serial_shops, nicolae_square_shop
D:6:      layout_layer_cave, minmay_temple_entry_hall, uniq_maggie
D:7:      layout_gridville, uniq_duvessa
D:8:      layout_basic, erik_lair_island, enter_bailey_2,
          pf_guarded_unrand_woodcutter, uniq_erica

Skill      XL: |  1  2  3  4  5  6  7  8  9 |
---------------+----------------------------+-----
Armour         | 3 5 7 8 |  8.8
Dodging        | 2 3 4 |  4.7
Maces & Flails | 4 5 7 8 |  8.3
Fighting       | 4 5 6 |  6.8

Action                     |  1- 3 |  4- 6 |  7- 9 || total
---------------------------+-------+-------+-------++-------
  Melee: Mace              |   108 |   124 |   375 ||   607
         Punch             |     1 |       |     6 ||     7
         Unarmed           |       |     4 |       ||     4
 Invoke: Berserk           |       |     2 |     3 ||     5
    Use: Scroll            |       |       |     1 ||     1
         Potion            |       |       |     1 ||     1
 Armour: Animal skin       |    38 |    51 |    30 ||   119
         Leather armour    |       |       |    40 ||    40
         Acid dragon scale |       |       |   178 ||   178
  Dodge: Dodged            |    73 |    63 |   247 ||   383
